 Dungeon Crawl Stone Soup version 0.30-a0-718-geaa24f58ff (console) character file.

Game seed: 17623743306178078260

112 mteam88 the Chopper (level 4, -9/41 HPs)
             Began as a Hill Orc Cinder Acolyte on Oct 11, 2022.
             Was a High Priest of Ignis.
             Killed by divine providence
             ... invoked by an orc priest
              (14 damage)
             ... on level 4 of the Dungeon on Jan 25, 2023.
             The game lasted 00:14:08 (3157 turns).

mteam88 the Chopper (Hill Orc Cinder Acolyte)       Turns: 3157, Time: 00:14:08

Health: -9/41      AC:  6    Str: 18    XL:     4   Next: 95%
Magic:  5/5        EV: 10    Int: 14    God:    Ignis [*****.]
Gold:   118        SH:  0    Dex:  6    Spells: 5/5 levels left

rFire   + . .      SeeInvis .    g - +1 dagger (venom)
rCold   . . .      Faith    .    (no shield)
rNeg    . . .      Spirit   .    m - +0 ring mail
rPois   .          Reflect  .    (no helmet)
rElec   .          Harm     .    (no cloak)
rCorr   .          Rampage  .    (no gloves)
Will    .....                    p - +0 pair of boots Stlth
                                 (no amulet)
HPRegen 0.26/turn                (no ring)
MPRegen 0.09/turn                (no ring)

@: no status effects
A: no striking features
a: Renounce Religion, Convert to Beogh, Fiery Armour, Foxfire Swarm, Rising
Flame


You were on level 4 of the Dungeon.
You worshipped Ignis.
Ignis was extremely pleased with you.
You visited 1 branch of the dungeon, and saw 4 of its levels.

You collected 118 gold pieces.

Inventory:

Hand Weapons
 a - a -1 hand axe of flaming
 f - a +0 whip of electrocution
 g - a +1 dagger of venom (weapon)
Missiles
 o - 21 stones (quivered)
 q - 5 poisoned darts
Armour
 b - a +0 robe
 m - a +0 ring mail (worn)
 p - a +0 pair of boots (worn)
Scrolls
 d - a scroll of vulnerability
 i - a scroll of identify
 k - 2 scrolls of immolation
 l - a scroll of silence
Potions
 c - a potion of curing
 e - a potion of resistance
 r - a potion of haste


   Skills:
 + Level 4.4 Fighting
 + Level 6.0 Axes
 + Level 0.4 Armour
 + Level 0.7 Dodging
 + Level 1.0 Spellcasting
 + Level 3.6 Fire Magic


You had 5 spell levels left.
You didn't know any spells.
Your spell library contained the following spells:

 Spells                   Type           Power      Damage    Failure   Level
 Scorch                   Fire           20%        2d6       16%         2
 Ensorcelled Hibernation  Hex/Ice        0%         N/A       56%         2
 Hailstorm                Conj/Ice       0%         3d3       80%         3
 Spider Form              Tmut/Pois      0%         N/A       80%         3
 Anguish                  Hex/Necr       0%         N/A       99%         4
 Ice Form                 Ice/Tmut       0%         N/A       99%         4
 Simulacrum               Ice/Necr       0%         N/A       100%        6


Dungeon Overview and Level Annotations

Branches:
Dungeon (4/15)
 Temple: D:4-7

Altars:


Message History

The atropa-tipped dart hits the orc.
The orc appears confused.
The hobgoblin seems less confused.
The orc hits you but does no damage.
The iguana is no longer blind.
The orc seems less confused.
The orc misses you. The orc hits you with a +0 trident.
The orc priest hits you with a +0 mace. The orc closely misses you.
You barely miss the orc priest.
The orc priest is no longer blind.
The orc priest shouts, "Beogh is our master!
Accept the truth or die!"
The orc closely misses you. The orc barely misses you.
The orc priest hits you with a +0 mace. The orc hits you but does no damage.
The orc priest shouts, "Beogh is our master!
Accept the truth or die!"
You hit the orc priest.
The orc priest is lightly wounded.
The hobgoblin is no longer blind.
The orc hits you but does no damage. x2; The orc priest hits you with a +0 mace.
The orc hits you but does no damage.
You hit the orc priest.
The orc priest is poisoned.
The orc priest is moderately wounded.
The orc is no longer blind.
The orc hits you but does no damage. The orc hits you with a +0 trident!
The orc priest calls down the wrath of Beogh upon you.
You barely resist.
The orc hits you from afar with a +0 trident.
You hit the orc priest.
The orc priest looks as sick as possible!
The orc priest is heavily wounded.
The orc priest threatens, "By the altar or by the axe, you will meet Beogh!"
The orc barely misses you. x2; The orc priest barely misses you.
The orc barely misses you. The iguana closely misses you.
You hit the orc priest.
The orc priest looks as sick as possible!
The orc priest threatens, "By the altar or by the axe, you will meet Beogh!"
The orc priest is heavily wounded.
The orc barely misses you. The orc closely misses you.
The orc priest hits you with a +0 mace.
The orc hits you from afar with a +0 trident!
* * * LOW HITPOINT WARNING * * *
The iguana bites you but does no damage.
The orc hits you from afar with a +0 trident.
* * * LOW HITPOINT WARNING * * *
The iguana bites you but does no damage.
There is a stone staircase leading up here.
The orc hits you from afar with a +0 trident.
* * * LOW HITPOINT WARNING * * *
The orc priest mumbles some strange prayers to Beogh against you.
Beogh smites you!
You die...

..#.........
...........#
...........##
.....(.(....##
.......(.....#
.......(.....##
.....$goo.....#
#..olo.......
##..#@.##.##.
##.....#
##..### #..#
#... #..# ####


You could see an iguana, an orc priest (extremely poisoned), 3 orcs and a
hobgoblin.

Vanquished Creatures
  3 adders
  A gnoll (D:1)
  2 worms
  A dart slug (D:1)
  3 orcs
  5 endoplasms
  6 giant cockroaches
  8 hobgoblins
  9 kobolds
  4 quokkas
  5 ball pythons
  2 bats
  4 frilled lizards
  3 goblins
  5 rats
61 creatures vanquished.

Notes
Turn   | Place    | Note
-------+----------+-------------------------------------------
     0 | D:1      | mteam88 the Hill Orc Cinder Acolyte began the quest for the
                  | Orb.
     0 | D:1      | Reached XP level 1. HP: 19/19 MP: 2/2
   109 | D:1      | Reached XP level 2. HP: 26/26 MP: 3/3
   380 | D:1      | Reached skill level 5 in Axes
   607 | D:1      | Reached XP level 3. HP: 32/33 MP: 4/4
  1118 | D:2      | HP: 1/33 [quokka (2)]
  1224 | D:2      | Reached XP level 4. HP: 39/40 MP: 5/5
  1856 | D:3      | Found a faded altar of an unknown god.
  2085 | D:3      | Upgraded the game from 0.30-a0-241-g1121274140 to
                  | 0.30-a0-243-gaa749bd8e4
  2681 | D:3      | Upgraded the game from 0.30-a0-243-gaa749bd8e4 to
                  | 0.30-a0-718-geaa24f58ff
  2774 | D:4      | Reached skill level 6 in Axes
  3157 | D:4      | Killed from afar by an orc priest

Illustrated notes

Levels and vault maps discovered:
D:1:      dpeg_cavernosity, layout_loops_ring, nicolae_kite_square_tiling_tiny,
          fountainhead, minmay_misc_feat_rows
D:2:      layout_loops_ring
D:3:      minmay_inner_zag, layout_basic, hellmonk_ecumenical_altar_blasted
D:4:      layout_cave_pools, ebering_ghost_reflecting_pool,
          chequers_ossuary_entry_cave, nicolae_shop_dragon_depot

Skill      XL: |  1  2  3  4 |
---------------+-------------+-----
Axes           | 5 6 |  6.0
Fighting       | 4 |  4.4
Armour         | |  0.4
Dodging        | |  0.7
Spellcasting   | |  1.0
Fire Magic     | |  3.6

Action                     |  1- 3 |  4- 6 || total
---------------------------+-------+-------++-------
  Melee: Hand axe          |    94 |   111 ||   205
         Punch             |     1 |     2 ||     3
         Dagger            |       |     5 ||     5
  Throw: Dart              |       |     4 ||     4
    Use: Potion            |     2 |     1 ||     3
         Scroll            |       |     6 ||     6
   Stab: Sleeping          |     1 |       ||     1
 Armour: Robe              |    15 |     6 ||    21
         Ring mail         |       |    31 ||    31
  Dodge: Dodged            |    49 |    58 ||   107

Table legend: (Time is in decaauts)
 A = Elapsed time spent in this place.
 B = Non-inter-level travel time spent in this place.
 C = Inter-level travel time spent in this place.
 D = Time resting spent in this place.
 E = Time spent auto-exploring this place.
 F = Levels seen in this place.
 G = Mean time per level.
                   A        B        C        D        E       F      G
               +--------+--------+--------+--------+--------+-----+--------+
         Total |   3145 |   3082 |     63 |    316 |   2125 |   4 |  786.2 |
       Dungeon |   3145 |   3082 |     63 |    316 |   2125 |   4 |  786.2 |
               +--------+--------+--------+--------+--------+-----+--------+

Top non-repeatable levels by time:
     D:3: 1115 daAuts
     D:1: 1001 daAuts
     D:2: 826 daAuts
     D:4: 202 daAuts
